 Dungeon Crawl Stone Soup version 0.29.1-12-g30fa7ad0bf (webtiles) character file.

Game seed: 16805188223487995371

21 Oxelix the Chiller (level 2, 0/15 HPs)
             Began as a Deep Elf Ice Elementalist on Jan 4, 2023.
             Slain by a gnoll
             ... wielding a +0 spear
              (3 damage)
             ... on level 2 of the Dungeon.
             The game lasted 00:02:32 (903 turns).

Oxelix the Chiller (Deep Elf Ice Elementalist)       Turns: 903, Time: 00:02:32

Health: 0/15       AC:  2    Str:  5    XL:     2   Next: 62%
Magic:  6/8        EV: 12    Int: 19    God:
Gold:   31         SH:  0    Dex: 15    Spells: 7/8 levels left

rFire   . . .      SeeInvis .   f - +0 dagger
rCold   . . .      Faith    .   (no shield)
rNeg    . . .      Spirit   .   a - +0 robe
rPois   .          Reflect  .   (no helmet)
rElec   .          Harm     .   (no cloak)
rCorr   .          Rampage  .   (no gloves)
Will    .....                   (no boots)
Stlth   ++........              (no amulet)
HPRegen 0.05/turn               (no ring)
MPRegen 0.11/turn               (no ring)

@: no status effects
A: no striking features
a: no special abilities


You were on level 2 of the Dungeon.
You visited 1 branch of the dungeon, and saw 2 of its levels.

You collected 31 gold pieces.

Inventory:

Hand Weapons
 f - a +0 dagger (weapon)
Missiles
 d - 3 boomerangs
Armour
 a - a +0 robe (worn)
Potions
 b - a potion of magic
 c - 2 potions of cancellation {unknown}
 e - a potion of berserk rage {unknown}
 g - a potion of heal wounds {unknown}


   Skills:
 - Level 2.4 Dodging
 - Level 2.4 Stealth
 + Level 3.8 Spellcasting
 + Level 4.8 Ice Magic


You had 7 spell levels left.
You knew the following spells:

 Your Spells              Type           Power      Damage    Failure   Level
a - Freeze                Ice            88%        1d10      1%          1

Your spell library contained the following spells:

 Spells                   Type           Power      Damage    Failure   Level
 Frozen Ramparts          Ice            44%        1d7       5%          3
 Ozocubu's Armour         Ice            22%        N/A       5%          3
 Hailstorm                Conj/Ice       12%        3d5       45%         4


Dungeon Overview and Level Annotations

Branches:
Dungeon (2/15)

Altars:


Message History

You see here a +0 chain mail.
Things that are here:
a +0 short sword; 4 stones You see here 4 stones.
You see here a +0 trident.
Done exploring.
You see here a +0 trident.
You see here a +0 dagger.
f - a +0 dagger
f - a +0 dagger (weapon)
Done exploring.
There is a stone staircase leading down here.
You climb downwards.
There is a stone staircase leading up here.
The helpless quokka fails to defend itself.
You puncture the quokka!
You kill the quokka!
There is a stone staircase leading up here.
Found a sling.
g - a sedimented sapphire potion 4 gnolls come into view.
Found 6 gold pieces.
The gnoll shouts! x2
The gnoll moves out of view.
The gnoll shouts! x2
You freeze the gnoll.
The gnoll is heavily wounded.
The gnoll hits you with a +0 flail!
Casting: Freeze (safe; 1% risk of failure)
Confirm with . or Enter, or press ? or * to list all spells.
Aiming: Freeze (safe; 1% risk of failure)
Press: ? - help, Shift-Dir - straight line, f/p - gnoll
Aim: a gnoll, wielding a +0 flail (heavily wounded)
You freeze the gnoll.
The gnoll is almost dead.
The gnoll hits you from afar with a +0 spear.
* * * LOW HITPOINT WARNING * * *
The gnoll closely misses you.
The gnoll hits you from afar with a +0 spear.
You die...

##.....###############.
#............<.........
#......##.#####.######.
#.#...###.......#
#.##.## #).####.# # #.#
#..# #.# #####.##.#
#..# #.#
|........####..# #.#
.####.###gg.@g.# #.# #
#.###..# #.. #.# #g.#
## #g# ..# #......#
..!.g..# ###.##.## .#
... .# $.


You could see 4 gnolls.

Vanquished Creatures
  2 dart slugs (D:1)
  A bat (D:1)
  An endoplasm (D:1)
  A giant cockroach (D:1)
  A goblin (D:1)
  A hobgoblin (D:1)
  2 quokkas
  4 ball pythons (D:1)
  A frilled lizard (D:1)
  2 kobolds (D:1)
  A rat (D:1)
17 creatures vanquished.

Notes
Turn   | Place    | Note
-------+----------+-------------------------------------------
     0 | D:1      | Oxelix the Deep Elf Ice Elementalist began the quest for
                  | the Orb.
     0 | D:1      | Reached XP level 1. HP: 10/10 MP: 6/6
    38 | D:1      | Found a faded altar of an unknown god.
   232 | D:1      | Reached XP level 2. HP: 14/15 MP: 3/8
   903 | D:2      | Slain by a gnoll

Illustrated notes

Levels and vault maps discovered:
D:1:      shiori_shiawase, layout_loops_ring,
          dreamdust_ecumenical_altar_sealed_demon, st_stairs_14
D:2:      layout_loops_ring, serial_bayou_pond_d, uniq_terence

Action                   || total
-------------------------++-------
Melee: Unarmed           ||     2
       Dagger            ||     1
 Cast: Freeze            ||    23
 Stab: Sleeping          ||     1
Armor: Robe              ||     2
Dodge: Dodged            ||    14
